 Dungeon Crawl Stone Soup version 0.27-a0-1065-ge809cff456 (webtiles) character file.

Game seed: 12814228221948754904

702 Zeld the Shield-Bearer (level 7, -4/50 HPs)
             Began as an Octopode Fighter on Apr 22, 2021.
             Slain by a sky beast (6 damage)
             ... on level 6 of the Dungeon.
             The game lasted 00:07:00 (7616 turns).

Zeld the Shield-Bearer (Octopode Fighter)           Turns: 7616, Time: 00:07:01

Health: -4/50      AC:  1    Str: 17    XL:     7   Next: 66%
Magic:  10/10      EV: 11    Int: 11    God:
Gold:   303        SH: 14    Dex: 11    Spells: 6/6 levels left

rFire    . . .     SeeInvis .   a - +0 war axe (flame)
rCold    . . .     Faith    .   b - +0 kite shield
rNeg     . . .     Spirit   .   (helmet restricted)
rPois    .         Reflect  +   m - amulet of reflection
rElec    .         Harm     .   g - ring of willpower
rCorr    +         Rampage  .   i - ring of flight
Will     +....                  l - ring of resist corrosion
Stlth    ++........             (no ring)
HPRegen  0.16/turn              (no ring)
MPRegen  0.12/turn              (no ring)
                                (no ring)
                                (no ring)

@: flying
A: almost no armour, amphibious, 8 rings, camouflage 1, gelatinous body 1,
(nimble swimmer 1), tentacles
a: no special abilities


You were on level 6 of the Dungeon.
You visited 1 branch of the dungeon, and saw 6 of its levels.

You collected 303 gold pieces.

Inventory:

Hand Weapons
 a - a +0 war axe of flaming (weapon)
 n - a +0 war axe of protection
Armour
 b - a +0 kite shield (worn)
Jewellery
 g - a ring of willpower (left tentacle)
 i - a ring of flight (right tentacle)
 l - a ring of resist corrosion (on tentacle)
 m - an amulet of reflection (around mantle)
Wands
 h - a wand of digging (4)
Scrolls
 c - 2 scrolls of enchant weapon
 f - a scroll of summoning
Potions
 d - a potion of lignification {unknown}
 e - 3 potions of degeneration {unknown}
 j - 2 potions of attraction {unknown}
 k - a potion of flight {unknown}


   Skills:
 * Level 5.3 Fighting
 - Level 3.0 Axes
 - Level 3.0 Dodging
 * Level 5.4 Shields
 * Level 4.7 Invocations


You had 6 spell levels left.
You didn't know any spells.
Your spell library contained the following spells:

 Spells                   Type           Power      Damage    Failure   Level
 Animate Skeleton         Necr           0%         N/A       77%         1
 Apportation              Tloc           0%         N/A       77%         1
 Corona                   Hex            0%         N/A       77%         1
 Pain                     Necr           0%         1d4       77%         1
 Summon Small Mammal      Summ           0%         N/A       77%         1
 Vampiric Draining        Necr           0%         2d6       98%         3
 Animate Dead             Necr           0%         N/A       100%        4
 Agony                    Necr           0%         N/A       100%        5


Dungeon Overview and Level Annotations

Branches:
Dungeon (6/15)
 Temple: D:4-7

Altars:
Ashenzari
Dithmenos
Hepliaklqana
Okawaru
Qazlal
Sif Muna

Annotations:
D:5 2 transporters, Cheivey's ghost, novice DsFi


Innate Abilities, Weirdness & Mutations

You cannot wear most types of armour.
You are amphibious.
You can wear up to eight rings at the same time.
Your skin changes colour to match your surroundings (Stealth+).
Your rubbery body absorbs attacks. (AC +1, EV +1)
((You are camouflaged near water. (Stealth+)))
You have tentacles for arms and can constrict up to eight enemies at once.


Message History

The sky beast is moderately wounded.
The sky beast closely misses you.
You barely miss the sky beast.
The sky beast is moderately wounded.
You block the sky beast's attack. The sky beast hits you.
The sky beast shocks you.
You hit the sky beast. You burn the sky beast.
The sky beast is heavily wounded.
You block the sky beast's attack.
You closely miss the sky beast.
The sky beast is heavily wounded.
You block the sky beast's attack. The sky beast hits you.
The sky beast shocks you.
You hit the sky beast but do no damage.
The sky beast is heavily wounded.
The sky beast hits you. The sky beast shocks you.
You are too injured to fight recklessly!
You slash the sky beast! You burn the sky beast.
The sky beast is almost dead.
The sky beast flickers out of sight!
Deactivating autopickup; reactivate with Ctrl-A.
Something hits you. Something shocks you.
* * * LOW HITPOINT WARNING * * *
A sky beast appears from thin air!
Reactivating autopickup.
The sky beast hits you.
* * * LOW HITPOINT WARNING * * *
The sky beast shocks you.
* * * LOW HITPOINT WARNING * * *
Okay, then.
Press: ? - help, v - describe, . - travel The floor, spattered with blood.
Unknown command.
Okay, then.
The sky beast flickers out of sight!
Deactivating autopickup; reactivate with Ctrl-A.
Something hits you.
* * * LOW HITPOINT WARNING * * *
Something shocks you.
You die...

##.##.....#.####### .#.#
#..##.###.#....../## ...#
..###.##
.......#.≈###..### ..#
#.##.#.##.............
..###.##.#.#......≈...#.#
..#...##.._.............#
#...### #.#...........##
#.### #.............# #.#
##....^@....#..# ..#
####..............# .##
#....#........##### .#
##.############## ## #..#
##.....## #.## #8.....8#
###### ######.####
##.....## #.....
..........# ###.###
##..... ####.###### #.#
#......


There were no monsters in sight!

Vanquished Creatures
  2 ogres
  2 kobold brigands (D:4)
  2 scorpions (D:4)
  A centaur zombie (D:6)
  A centaur skeleton (D:5)
  An iguana (D:5)
  2 hound skeletons (D:5)
  A howler monkey zombie (D:5)
  6 adders
  An ufetubus (D:6)
  A worm (D:4)
  4 dart slugs
  4 orcs
  4 bats (D:2)
  8 endoplasms
  5 giant cockroaches
  4 goblins
  8 hobgoblins
  5 jackals
  5 ball pythons
  4 frilled lizards
  14 kobolds
  A quokka skeleton (D:4)
  2 rats
88 creatures vanquished.

Notes
Turn   | Place    | Note
-------+----------+-------------------------------------------
     0 | D:1      | Zeld the Octopode Fighter began the quest for the Orb.
     0 | D:1      | Reached XP level 1. HP: 16/16 MP: 1/1
   452 | D:1      | Reached XP level 2. HP: 18/21 MP: 2/2
  1507 | D:2      | Reached skill level 1 in Invocations
  1519 | D:2      | Found a faded altar of an unknown god.
  1722 | D:2      | Reached XP level 3. HP: 22/26 MP: 3/3
  2269 | D:2      | Reached XP level 4. HP: 31/31 MP: 5/5
  2527 | D:3      | Found an iron altar of Okawaru.
  3601 | D:4      | Found a shadowy altar of Dithmenos.
  3610 | D:4      | Noticed a scorpion
  3619 | D:4      | Killed a scorpion
  3620 | D:4      | Reached XP level 5. HP: 21/37 MP: 6/6
  3877 | D:3      | Found a shimmering blue altar of Sif Muna.
  3923 | D:4      | Noticed an ogre
  4411 | D:4      | Found a shadowy altar of Dithmenos.
  4555 | D:4      | Killed an ogre
  4556 | D:4      | Reached XP level 6. HP: 43/43 MP: 6/8
  5131 | D:4      | Reached XP level 7. HP: 35/49 MP: 8/10
  5548 | D:5      | Entered Level 5 of the Dungeon
  5570 | D:5      | Found a stormy altar of Qazlal.
  5578 | D:5      | Reached skill level 5 in Shields
  5595 | D:5      | Found a transporter.
  5599 | D:5      | Found a transporter.
  5600 | D:5      | Noticed Cheivey's ghost (novice DsFi)
  5672 | D:5      | You are sucked into a shaft and drop 1 floor!
  5680 | D:6      | Noticed a yak
  5683 | D:6      | Noticed a yak
  5690 | D:5      | Reached skill level 5 in Fighting
  6303 | D:5      | Found a hazy altar of Hepliaklqana.
  7588 | D:6      | Found a broken altar of Ashenzari.
  7616 | D:6      | HP: 2/50 [something (2)]
  7616 | D:6      | Slain by a sky beast

Illustrated notes

Levels and vault maps discovered:
D:1:      lemuel_arrival_tunnels, layout_basic
D:2:      layout_loops_cross, basic_ecumenical_altar
D:3:      layout_basic, okawaru_gym_becter, nicolae_overflow_hidden_temple
D:4:      cheibrodos_thug_alley, layout_loops_ring,
          nicolae_dithmenos_the_darkroom, serial_rivers,
          chequers_serial_rivers_micro_c, chequers_serial_rivers_marsh,
          chequers_serial_rivers_small_a, chequers_serial_rivers_room_b,
          chequers_serial_rivers_marsh, chequers_serial_rivers_micro_b,
          kennysheep_small_circle
D:5:      layout_basic, nicolae_qazlal_general_emergency,
          worldfamousw_hep_ancestral_shrine, portal_sewer_entry_b,
          gammafunk_ghost_hive
D:6:      layout_rooms, lemuel_doored_altar, elyvilon_altar_1,
          ashenzari_altar_1, chequers_ossuary_entry_cave

Skill      XL: |  1  2  3  4  5  6  7 |
---------------+----------------------+-----
Invocations    | 1 2 3 4 |  4.7
Axes           | 3 |  3.0
Fighting       | 4 5 |  5.3
Shields        | 4 5 |  5.4
Dodging        | |  3.0

Action                   |  1- 3 |  4- 6 |  7- 9 || total
-------------------------+-------+-------+-------++-------
Melee: War axe           |    55 |    73 |    65 ||   193
       Tentacles         |     7 |    14 |     8 ||    29
       Constrict         |    12 |    15 |    11 ||    38
  Use: Potion            |       |     1 |       ||     1
       Scroll            |       |       |     9 ||     9
 Stab: Sleeping          |     2 |     7 |     2 ||    11
       Distracted        |       |       |     1 ||     1
Armor: Skin              |     8 |     3 |     6 ||    17
Dodge: Dodged            |    31 |    20 |    24 ||    75
Block: Kite shield       |    32 |    50 |    47 ||   129
       Reflection        |       |       |     2 ||     2

Table legend: (Time is in decaauts)
 A = Elapsed time spent in this place.
 B = Non-inter-level travel time spent in this place.
 C = Inter-level travel time spent in this place.
 D = Time resting spent in this place.
 E = Time spent auto-exploring this place.
 F = Levels seen in this place.
 G = Mean time per level.
                   A        B        C        D        E       F      G
               +--------+--------+--------+--------+--------+-----+--------+
         Total |   7729 |   7403 |    326 |    979 |   5309 |   6 | 1288.2 |
       Dungeon |   7729 |   7403 |    326 |    979 |   5309 |   6 | 1288.2 |
               +--------+--------+--------+--------+--------+-----+--------+

Top non-repeatable levels by time:
     D:5: 1730 daAuts
     D:4: 1681 daAuts
     D:1: 1511 daAuts
     D:3: 1430 daAuts
     D:2: 1006 daAuts
     D:6: 368 daAuts
